 Dungeon Crawl Stone Soup version 0.24-a0-639-gb70a11d811 (webtiles) character file.

Game seed: 8269874060882025423, levelgen mode: deterministic

30 ChaosChampion the Stinger (level 3, 0/27 HPs)
             Began as a Draconian Venom Mage on Sept 23, 2019.
             Slain by an adder (1 damage)
             ... on level 2 of the Dungeon on Jan 9, 2020.
             The game lasted 00:15:37 (972 turns).

ChaosChampion the Stinger (Draconian Venom Mage)     Turns: 972, Time: 00:15:38

Health: 0/27       AC:  5    Str: 10    XL:     3   Next: 5%
Magic:  2/6        EV: 11    Int: 16    God:
Gold:   62         SH:  3    Dex: 11    Spells: 5/6 levels left

rFire    . . .     SeeInvis .   a - +0 dagger
rCold    . . .     Gourm    .   i - +0 buckler
rNeg     . . .     Faith    .   (armour unavailable)
rPois    .         Spirit   .   (helmet restricted)
rElec    .         Reflect  .   (no cloak)
rCorr    .         Harm     .   (no gloves)
MR       .....                  (no boots)
Stlth    ++........             (no amulet)
HPRegen  0.09/turn              (no ring)
MPRegen  0.10/turn              (no ring)

@: no status effects
A: unfitting armour, cold-blooded, AC +5
a: no special abilities


You were on level 2 of the Dungeon.
You were very hungry.

You visited 1 branch of the dungeon, and saw 2 of its levels.

You collected 62 gold pieces.

Inventory:

Hand Weapons
 a - a +0 dagger (weapon)
Armour
 c - a +0 robe
 d - a +0 ring mail
 h - a cursed +0 chain mail
 i - a +0 buckler (worn)
Scrolls
 j - a scroll of teleportation {unknown}
 k - a scroll of enchant armour {unknown}
 l - a scroll of amnesia {unknown}
Potions
 f - a potion of lignification {unknown}
Comestibles
 b - 3 rations


   Skills:
 - Level 0.3 Fighting
 + Level 2.4 Dodging
 - Level 1.7 Stealth
 + Level 2.1 Spellcasting
 + Level 1.0 Conjurations
 * Level 3.6 Poison Magic


You had 5 spell levels left.
You knew the following spells:

 Your Spells              Type           Power        Failure   Level  Hunger
a - Sting                 Conj/Pois      #...         13%         1    #......

Your spell library contained the following spells:

 Spells                   Type           Power        Failure   Level  Hunger
 Poisonous Vapours        Pois/Air       #.....       24%         2    ###....
 Mephitic Cloud           Conj/Pois/Air  #.......     50%         3    ###....
 Olgreb's Toxic Radiance  Pois           ##......     61%         4    #####..
 Venom Bolt               Conj/Pois      #.........   98%         5    ######.


Dungeon Overview and Level Annotations

Branches:
Dungeon (2/15)

Altars:


Innate Abilities, Weirdness & Mutations

Your plain brown scales are hard. (AC +5)
You cannot fit into any form of body armour.
You are cold-blooded and may be slowed by cold attacks.


Message History

* * * LOW HITPOINT WARNING * * *
As you read the scroll labeled WOUMYSTROEM, it crumbles to dust.
You feel blessed for a moment.
It was a scroll of remove curse.
The adder bites you but does no damage.
As you read the scroll labeled CIFYAR TEEM, it crumbles to dust.
The creatures around you are filled with an inner flame!
It was a scroll of immolation.
The adder barely misses you. The adder bites you but does no damage.
You feel sick.
You are no longer poisoned.
The adder bites you.
* * * LOW HITPOINT WARNING * * *
There is a stone staircase leading down here.
The adder barely misses you.
You climb downwards.
The leopard gecko misses you.
The leopard gecko bites you but does no damage.
There is a stone staircase leading up here.
You can't go down here!
The adder bites you.
You die...

##..........#
#....g.....##
###..........#
#............####
#.w.......?......
##.##..........###
##g.##..........#
#....##.......###
#l@..###.....##
#..S.# #######
######


You could see a worm, an adder (inner flame), a leopard gecko and a hobgoblin.

Vanquished Creatures
  An ooze (D:1)
  A dart slug (D:1)
  2 giant cockroaches (D:1)
  5 goblins (D:1)
  4 hobgoblins (D:1)
  4 bats
  3 kobolds (D:1)
  4 rats (D:1)
24 creatures vanquished.

Notes
Turn   | Place    | Note
-------+----------+-------------------------------------------
     0 | D:1      | ChaosChampion the Draconian Venom Mage began the quest for
                  | the Orb.
     0 | D:1      | Reached XP level 1. HP: 14/14 MP: 3/3
   280 | D:1      | Reached XP level 2. HP: 4/20 MP: 0/5
   286 | D:1      | HP: 1/20 [ooze (4)]
   829 | D:1      | Reached XP level 3. HP: 24/27 MP: 3/6
   968 | D:1      | HP: 1/27 [adder (1)]
   972 | D:2      | Slain by an adder

Levels and vault maps discovered:
D:1:      dpeg_arrival_subterranean_lakeside_camping, layout_rooms
D:2:      layout_rooms, grunt_ministairs_10, uniq_sigmund

Skill      XL: |  1 |
---------------+----+-----
Dodging        | 2 |  2.4
Fighting       | |  0.3
Stealth        | |  1.7
Spellcasting   | |  2.1
Conjurations   | |  1.0
Poison Magic   | |  3.6

Action                   || total
-------------------------++-------
Melee: Unarmed           ||    42
       Tailslap          ||     7
       Dagger            ||    14
 Cast: Sting             ||    40
  Use: Potion            ||     1
       Scroll            ||     2
Armor: Skin              ||    55
Dodge: Dodged            ||    99
Block: Buckler           ||     4

Table legend:
 A = Non-vault XP
 B = Vault XP
 C = Vault XP percentage of total XP
 D = Non-vault monster count
 E = Vault monster count
 F = Vault count percentage of total count
                 A         B        C        D         E       F
            +---------+---------+-------+---------+---------+-------
      Total |      38 |       6 |  13.6 |      20 |       4 |  16.7
            +---------+---------+-------+---------+---------+-------
        D:1 |      37 |       6 |  14.0 |      19 |       4 |  17.4
        D:2 |       1 |       0 |   0.0 |       1 |       0 |   0.0
            +---------+---------+-------+---------+---------+-------
